 Dungeon Crawl Stone Soup version 0.17-a0-1210-g1e4f09d (webtiles) character file.

68 HEYYEYAAE the Gusty (level 4, 0/31 HPs)
             Began as a Human Air Elementalist on June 3, 2015.
             Slain by a centaur zombie (6 damage)
             ... on level 3 of the Dungeon.
             The game lasted 00:04:42 (1634 turns).

HEYYEYAAE the Gusty (Human Air Elementalist)        Turns: 1634, Time: 00:04:42

Health: 0/31       AC:  2    Str:  8    XL:     4   Next: 41%
Magic:  0/7        EV: 13    Int: 16    God:
Gold:   56         SH:  0    Dex: 18    Spells: 2 memorised, 3 levels left

rFire  . . .     SeeInvis .     g - -1 short sword (curse)
rCold  . . .     Clarity  .     a - +0 robe
rNeg   . . .     SustAt   .     (no shield)
rPois  .         Gourm    .     (no helmet)
rElec  .         Spirit   .     (no cloak)
rCorr  .         Warding  .     (no gloves)
rMut   .         Stasis   .     (no boots)
MR     .....                    (no amulet)
Stlth  ++........               (no ring)
                                e - +4 ring of dexterity

@: very slightly contaminated, not resistant to hostile enchantments, unstealthy
A: no striking features
a: no special abilities


You were on level 3 of the Dungeon.
You were hungry.

You visited 1 branch of the dungeon, and saw 3 of its levels.

You collected 56 gold pieces.

Inventory:

Hand weapons
 f - a +0 dagger
 g - a cursed -1 short sword (weapon)
 j - a +1 short sword of draining
Armour
 a - a +0 robe (worn)
Jewellery
 e - a +4 ring of dexterity (left hand)
Books
 b - a book of Air

   Spells                             Type                      Level
   a - Shock                          Conjuration/Air              1
   b - Swiftness                      Charms/Air                   2
   c - Repel Missiles                 Charms/Air                   2
   d - Static Discharge               Conjuration/Air              3
   e - Lightning Bolt                 Conjuration/Air              5
Comestibles
 c - a bread ration
 d - a slice of pizza
 i - a chunk of flesh


   Skills:
 + Level 0.4 Fighting
 + Level 0.6 Armour
 + Level 2.6 Dodging
 - Level 2.0 Stealth
 * Level 2.4 Spellcasting
 * Level 1.8 Conjurations
 * Level 3.6 Air Magic


You had 3 spell levels left.
You knew the following spells:

 Your Spells              Type           Power        Failure   Level  Hunger
a - Shock                 Conj/Air       ##..         10%         1    #......
b - Static Discharge      Conj/Air       ##......     21%         3    ###....


Dungeon Overview and Level Annotations

Branches:
Dungeon (3/15)

Altars:
Makhleb

Annotations:
D:2 Robin


Message History

Aim: a centaur zombie The zap hits the centaur zombie.
The centaur zombie completely misses you.
Casting: Shock
Confirm with . or Enter, or press ? or * to list all spells.
Aiming: Shock
Press: ? - help, Shift-Dir - straight line, f/p - centaur zombie
Aim: a centaur zombie The zap hits the centaur zombie.
The centaur zombie hits you!
* * * LOW HITPOINT WARNING * * *
The centaur zombie barely misses you.
Casting: Shock
Confirm with . or Enter, or press ? or * to list all spells.
You don't have enough magic to cast that spell.
No previous command to re-do.
Drink which item? (? for menu, Esc to quit)
It was a potion of cure mutation.
It has a very clean taste.
You are feeling hungry.
The centaur zombie hits you.
You die...

#.# ######.##
#####.#####.....#.#
............####.##
......####### #.#
.......# #.#
......## #.#
......# #.# ####.##
#.# #.# #@# ##'##
#Z# ##...## #.#
##.....## # #.#
#.......# ##b#.##
.........# #.....#
.........+......#.#
.........####(.. .#
#.......## ##.# ##


You could see a centaur zombie.

Vanquished Creatures
  An adder (D:2)
  An ooze (D:2)
  4 giant cockroaches (D:1)
  8 goblins
  6 hobgoblins
  4 kobolds
  A quokka (D:2)
  A ball python (D:3)
  8 bats
  5 giant geckos
  4 giant newts
  5 rats
48 creatures vanquished.

Notes
Turn   | Place    | Note
--------------------------------------------------------------
     0 | D:1      | HEYYEYAAE the Human Air Elementalist began the quest for the Orb.
     0 | D:1      | Reached XP level 1. HP: 13/13 MP: 3/3
   205 | D:1      | Reached XP level 2. HP: 1/19 MP: 0/5
   778 | D:1      | Reached XP level 3. HP: 24/24 MP: 1/6
   783 | D:1      | Learned a level 3 spell: Static Discharge
  1028 | D:2      | Found a burning altar of Makhleb.
  1068 | D:2      | Noticed Robin
  1153 | D:2      | Reached XP level 4. HP: 18/30 MP: 0/7
  1634 | D:3      | Slain by a centaur zombie

Vault maps used:
D:1:      dpeg_arrival_rhombi
D:2:      old_standard_altar, minmay_statues_item, minmay_misc_feat_alley,
          uniq_robin

Action                   |  1- 3 |  4- 6 || total
-------------------------+-------+-------++-------
Melee: Short sword       |    38 |    20 ||    58
       Unarmed           |     1 |       ||     1
 Cast: Shock             |    52 |    18 ||    70
       Static Discharge  |       |     1 ||     1
  Use: Scroll            |     4 |     1 ||     5
       Potion            |       |     1 ||     1
 Stab: Sleeping          |     2 |     2 ||     4
  Eat: Chunk             |     1 |     2 ||     3
